 Dungeon Crawl Stone Soup version 0.21.0-3-g78d12a8 (webtiles) character file.

997 aradiel the Skirmisher (level 7, -2/64 HPs)
             Began as a Minotaur Berserker on Jan 13, 2018.
             Was a Priest of Trog.
             Slain by a centaur (3 damage)
             ... on level 6 of the Dungeon.
             The game lasted 00:31:40 (3462 turns).

aradiel the Skirmisher (Minotaur Berserker)         Turns: 3462, Time: 00:31:41

Health: -2/64      AC:  7    Str: 24    XL:     7   Next: 99%
Magic:  6/6        EV: 12    Int:  4    God:    Trog [***...]
Gold:   212        SH:  0    Dex:  9    Spells: 6/6 levels left

rFire    . . .     SeeInvis .   a - +0 hand axe
rCold    . . .     Gourm    .   (no shield)
rNeg     . . .     Faith    .   s - +0 scale mail
rPois    .         Spirit   .   (helmet restricted)
rElec    .         Reflect  .   (no cloak)
rCorr    .         Harm     .   (no gloves)
MR       .....                  (no boots)
Stlth    ..........             (no amulet)
HPRegen  0.20/turn              (no ring)
MPRegen  0.10/turn              (no ring)

@: drained
A: retaliatory headbutt, horns 2
a: Berserk, Trog's Hand, Burn Spellbooks, Renounce Religion


You were on level 6 of the Dungeon.
You worshipped Trog.
Trog was most pleased with you.
You were not hungry.

You visited 1 branch of the dungeon, and saw 6 of its levels.

You collected 212 gold pieces.

Inventory:

Hand Weapons
 a - a +0 hand axe (weapon)
Armour
 b - a +0 animal skin
 d - a +0 robe
 s - a +0 scale mail (worn)
 u - a +0 ring mail
Jewellery
 l - an uncursed ring of protection from magic {unknown}
 p - a cursed ring of ice {unknown}
 v - an uncursed amulet of the gourmand {unknown}
Wands
 B - a wand of random effects (36)
 D - a wand of flame (23)
Scrolls
 g - 2 scrolls of teleportation {unknown}
 h - a scroll of noise {unknown}
 i - a scroll of amnesia {unknown}
 j - 2 scrolls of remove curse {unknown}
 k - 7 scrolls of identify {unknown}
 q - 3 scrolls of fear {unknown}
 w - 2 scrolls of blinking {unknown}
 x - 2 scrolls of enchant weapon {unknown}
 y - a scroll of fog {unknown}
Potions
 e - 4 potions of curing {unknown}
 f - a potion of lignification {unknown}
 m - 3 potions of might {unknown}
 n - 2 potions of heal wounds {unknown}
 o - a potion of flight {unknown}
 r - a potion of agility {unknown}
 t - 5 potions of haste {unknown}
 z - a potion of cancellation {unknown}
 A - a potion of mutation {unknown}
Comestibles
 c - 8 rations
 C - a chunk of flesh


   Skills:
 + Level 6.6(6.5) Fighting
 + Level 6.5 Axes
 + Level 6.0(5.9) Armour
 + Level 5.4(5.3) Dodging


You had 6 spell levels left.
You didn't know any spells.

Dungeon Overview and Level Annotations

Branches:
Dungeon (6/15)
 Temple: D:4-7

Altars:
Cheibriados
Okawaru
Wu Jian
The Shining One

Shops:
D:4 :   D:5 (

Annotations:
D:4 ProzacElf's ghost, amateur DEWr
D:6 Dowan; Duvessa


Innate Abilities, Weirdness & Mutations

You reflexively headbutt those who attack you in melee.
You have a pair of horns on your head.


Message History

* * * LOW HITPOINT WARNING * * *
You hear the slow rusting of a very distant drain.
You see here an arrow.
The centaur shoots an arrow.
The arrow barely misses you.
You see here an arrow.
The centaur shoots an arrow.
The arrow hits you.
* * * LOW HITPOINT WARNING * * *
The centaur shoots an arrow.
The arrow misses you.
The centaur unwields an uncursed shortbow.
The centaur hits you but does no damage.
You hit the centaur but do no damage.
The centaur hits you but does no damage.
You barely miss the centaur. The centaur hits you.
* * * LOW HITPOINT WARNING * * *
The centaur barely misses you.
You slash the centaur!
You headbutt the centaur, but do no damage.
The centaur is heavily wounded.
The centaur hits you.
You die...

#..(.......#
#####(##c###.##
##..##.##.## #
#..........#
#..........#
##.....##..#
#########..#
#....((##(.#####
##.....@c..##..##
#..............#
#...............#
#
##..##.###.##..##
.## ###
#.###.##..##....
..<.............
#..............##
#...##.........#
#...##...........


You could see a centaur.

Vanquished Creatures
  Grinder (D:5)
  Edmund (D:5)
  A sky beast (D:5)
  A phantom (D:5)
  2 crimson imps (D:5)
  A jelly (D:4)
  An orc priest (D:3)
  Crazy Yiuf (D:5)
  2 bullfrog skeletons
  3 orc wizards
  2 worker ants
  A hound skeleton (D:5)
  3 adders
  3 gnolls (D:3)
  A shadow imp (D:5)
  2 oozes (D:3)
  A worm (D:2)
  A dart slug (D:3)
  2 leopard geckos
  13 orcs
  A ball python (D:1)
  3 giant cockroaches
  5 goblins
  10 hobgoblins
  6 bats
  3 frilled lizards (D:1)
  A giant cockroach zombie (D:5)
  5 kobolds
  A quokka skeleton (D:5)
  3 rats
81 creatures vanquished.

Notes
Turn   | Place    | Note
-------+----------+-------------------------------------------
     0 | D:1      | aradiel the Minotaur Berserker began the quest for the Orb.
     0 | D:1      | Reached XP level 1. HP: 19/19 MP: 0/0
   108 | D:1      | Found an iron altar of Okawaru.
   178 | D:1      | Reached XP level 2. HP: 21/27 MP: 1/1
   534 | D:2      | Reached XP level 3. HP: 26/33 MP: 2/2
  1152 | D:3      | Reached XP level 4. HP: 38/41 MP: 3/3
  1156 | D:3      | Reached ** piety under Trog
  1376 | D:3      | Reached XP level 5. HP: 17/47 MP: 4/4
  1865 | D:4      | You fall through a shaft!
  1865 | D:5      | Entered Level 5 of the Dungeon
  1867 | D:5      | Noticed a sky beast
  1886 | D:5      | Killed a sky beast
  1886 | D:5      | Reached skill level 5 in Fighting
  1886 | D:5      | Reached skill level 5 in Axes
  1886 | D:5      | Reached XP level 6. HP: 19/56 MP: 5/5
  1966 | D:5      | Noticed Edmund
  2013 | D:4      | Found Utiaquej's Book Shop.
  2213 | D:4      | Reached *** piety under Trog
  2264 | D:4      | Found a snail-covered altar of Cheibriados.
  2517 | D:4      | Noticed ProzacElf's ghost (amateur DEWr)
  2770 | D:5      | Reached skill level 5 in Armour
  2809 | D:5      | Found a glowing golden altar of the Shining One.
  2809 | D:5      | Found an ornate altar of the Wu Jian Council.
  2811 | D:5      | Noticed Grinder
  2812 | D:5      | Paralysed by Grinder for 3 turns
  2848 | D:5      | Killed Grinder
  2848 | D:5      | Reached XP level 7. HP: 63/63 MP: 6/6
  2909 | D:5      | Found a runed door.
  2979 | D:5      | Reached skill level 5 in Dodging
  3091 | D:5      | Killed Edmund
  3177 | D:5      | Found Gacrur's Weapon Shop.
  3331 | D:5      | Noticed Crazy Yiuf
  3347 | D:5      | Killed Crazy Yiuf
  3441 | D:6      | Noticed Duvessa
  3441 | D:6      | Noticed Dowan
  3458 | D:6      | HP: 3/64 [centaur/arrow (6)]
  3461 | D:6      | HP: 1/64 [centaur (3)]
  3462 | D:6      | Slain by a centaur

Skill      XL: |  1  2  3  4  5  6  7 |
---------------+----------------------+-----
Fighting       | 4 5 6 |  6.6
Axes           | 4 5 6 |  6.5
Armour         | 3 4 5 6 |  6.0
Dodging        | 3 4 5 |  5.4

Action                   |  1- 3 |  4- 6 |  7- 9 || total
-------------------------+-------+-------+-------++-------
Melee: Hand axe          |    72 |   119 |    46 ||   237
       Headbutt          |    14 |    20 |    14 ||    48
Invok: Burn Spellbooks   |       |     1 |       ||     1
       Berserk           |       |     1 |       ||     1
 Stab: Sleeping          |     1 |       |       ||     1
  Eat: Chunk             |     1 |     1 |       ||     2
       Ration            |       |     1 |     1 ||     2
Armor: Animal skin       |     6 |       |       ||     6
       Scale mail        |     9 |    45 |    12 ||    66
Dodge: Dodged            |    48 |    58 |    22 ||   128
